 Dungeon Crawl Stone Soup version 0.28-a0-313-gbc0475efdd (webtiles) character file.

Game seed: 3487002995255637552

175 spiderkeys the Caller (level 5, -2/31 HPs)
             Began as a Tengu Summoner on Sept 1, 2021.
             Slain by Crazy Yiuf (5 damage)
             ... on level 1 of the Dungeon.
             The game lasted 00:08:04 (3128 turns).

spiderkeys the Caller (Tengu Summoner)              Turns: 3128, Time: 00:08:04

Health: -2/31      AC:  2    Str:  8    XL:     5   Next: 55%
Magic:  5/10       EV: 15    Int: 17    God:
Gold:   74         SH:  0    Dex: 14    Spells: 7/10 levels left

rFire   . . .      SeeInvis .   c - +0 dagger
rCold   . . .      Faith    .   (no shield)
rNeg    . . .      Spirit   .   a - +0 robe
rPois   .          Reflect  .   (helmet restricted)
rElec   .          Harm     .   (no cloak)
rCorr   .          Rampage  .   (no gloves)
Will    .....                   (boots unavailable)
Stlth   ++........              (no amulet)
HPRegen 0.10/turn               (no ring)
MPRegen 0.12/turn               (no ring)

@: flying quickly and evasively, quick
A: beak, talons 3, nimble flight
a: no special abilities


You were on level 1 of the Dungeon.
You visited 1 branch of the dungeon, and saw 2 of its levels.

You collected 74 gold pieces.


Innate Abilities, Weirdness & Mutations

You have a beak for a mouth.
You have claws for feet.
Your magical nature lets you fly swiftly and evasively.


   Skills:
 + Level 2.4 Fighting
 + Level 3.5 Dodging
 - Level 2.0 Stealth
 + Level 3.0 Spellcasting
 + Level 5.7 Summonings


You had 7 spell levels left.
You knew the following spells:

 Your Spells              Type           Power      Damage    Failure   Level
c - Call Imp              Summ           22%        N/A       2%          2
z - Summon Small Mammal   Summ           88%        N/A       1%          1

Your spell library contained the following spells:

 Spells                   Type           Power      Damage    Failure   Level
 Call Canine Familiar     Summ           22%        N/A       4%          3
 Summon Guardian Golem    Hex/Summ       12%        N/A       16%         3
 Summon Lightning Spire   Summ/Air       12%        N/A       47%         4

Inventory:

Hand Weapons
 c - a +0 dagger (weapon)
   (You took it off a kobold on level 1 of the Dungeon)
Missiles
 d - 8 boomerangs
 e - 13 bolts
 h - 76 stones
Armour
 a - a +0 robe (worn)
Jewellery
 C - a ring of ice
   (You found it on level 1 of the Dungeon)
 F - a ring of fire
   (You found it on level 1 of the Dungeon)
 N - a ring of positive energy
   (You found it on level 2 of the Dungeon)
Scrolls
 b - a scroll of noise {!r}
 f - a scroll of identify {@r1}
 j - a scroll of immolation {unknown}
 k - a scroll of holy word {unknown}
 m - a scroll of fear {unknown}
 n - a scroll of amnesia {unknown}
Potions
 l - a potion of mutation {unknown}
 o - a potion of lignification {unknown}

Dungeon Overview and Level Annotations

Branches:
Dungeon (2/15)

Altars:
Okawaru

Annotations:
D:1 Crazy Yiuf

#...........###########........#
.......>....##.................#
............##.#######.........#
#...#....####........#..).....##
#......#.####..#####.###......#
.......#..........)#..........#
....##.#......####†#..##......#
.............#####.#..##......#
.##.#....#####..@#.#..#########
..#......# #.#g#.#..# .....#...#
#.#.#.#..###########
..#..#########.#.#..............#
.##.###........#...##...........#
.....##.##..†.####.##...........#
##...##.##....# #.##############
.#....#.##....####.#
...####.##.........#


You could see Crazy Yiuf.


Message History

Press: ? - help, Dir - move target, f - you, p - Crazy Yiuf
Okay, then.
Casting: Call Imp (safe; 2% risk of failure)
Confirm with . or Enter, or press ? or * to list all spells.
You miscast Summon Small Mammal.
You are very lightly contaminated with residual magic.
Nothing appears to happen.
Crazy Yiuf barely misses your crimson imp.
Your crimson imp hits Crazy Yiuf but does no damage. 😎 MP[-1]
You lost 1 mp, and now have 3/10 mp.
Casting: Summon Small Mammal (safe; 1% risk of failure)
Confirm with . or Enter, or press ? or * to list all spells.
Crazy Yiuf screams, "Pitchfork!"
Crazy Yiuf hits your crimson imp with a +2 quarterstaff of chaos!
Your crimson imp's magic leaks into the air.
Your crimson imp misses Crazy Yiuf. 😎 MP[-1]
You lost 1 mp, and now have 2/10 mp.
You swap places.
Crazy Yiuf hits your crimson imp with a +2 quarterstaff of chaos.
Your crimson imp dies! 😎 MP[+1]
Casting: Summon Small Mammal (safe; 1% risk of failure)
Confirm with . or Enter, or press ? or * to list all spells.
A shadowy apparition takes form in the air.
Your magical contamination has completely faded away. 😎 MP[-2]
You lost 2 mp, and now have 1/10 mp.
Your rat barely misses Crazy Yiuf.
Crazy Yiuf hits your rat with a +2 quarterstaff of chaos!
Your rat dies!
Your rat's corpse disappears in a puff of smoke!
What are your orders? t - Shout!
Orders for allies: a - Attack new target. p - Attack previous target. r - Retreat! s - Stop attacking. g - Guard the area. f - Follow me.
Anything else - Cancel.
Gang up on whom?
Press: ? - help, Dir - move target, f/p - Crazy Yiuf
Aim: Crazy Yiuf, wielding a +2 quarterstaff of chaos and wearing a +0 cloak (ally target) Attack!
Crazy Yiuf hits your shadow imp with a +2 quarterstaff of chaos.
Your shadow imp resists with some effort.
Your shadow imp barely misses Crazy Yiuf.
Crazy Yiuf hits your shadow imp with a +2 quarterstaff of chaos!
Crazy Yiuf burns your shadow imp.
Your shadow imp dies! 😎 MP[+1]
There is a stone staircase leading up here. 😎 MP[+1]
You fly upwards.
There is a stone staircase leading down here.
You start resting. 😎 MP[+7]
Your mp is fully restored (10).
You fly downwards.
Level annotation: Crazy Yiuf Crazy Yiuf screams, "Gum ladder eyeball!"
Crazy Yiuf closely misses you. Crazy Yiuf misses you.
There is a stone staircase leading up here.
Casting: Call Imp (safe; 2% risk of failure)
Confirm with . or Enter, or press ? or * to list all spells.
A shadowy apparition takes form in the air.
Crazy Yiuf yells, "Hah!
Gnoll sizzlefizz poople."
Crazy Yiuf hits you with a +2 quarterstaff of chaos.
You are poisoned. 😕 HP[-5] MP[-2]
You take 5 damage, and now have 26/31 hp.
You lost 2 mp, and now have 8/10 mp.
You feel very sick.
Your shadow imp hits Crazy Yiuf but does no damage.
Crazy Yiuf hits you with a +2 quarterstaff of chaos!
* * * LOW HITPOINT WARNING * * *
You fly upwards.
Your summoned ally is left behind.
* * * LOW HITPOINT WARNING * * *
You feel very sick.
There is a stone staircase leading down here. 😨 HP[-18]
You take 18 damage, and now have 8/31 hp.
MASSIVE DAMAGE!! (PAUSE) It was a potion of curing.
You feel better.
Crazy Yiuf laughs, "Lugonu disdain snockshim!"
Crazy Yiuf hits you with a +2 quarterstaff of chaos!
* * * LOW HITPOINT WARNING * * *
You feel your power leaking away. 😱 HP[-6] MP[-3]
You take 6 damage, and now have 2/31 hp.
You lost 3 mp, and now have 5/10 mp.
Okay, then.
As you read the scroll labelled ASTROI VENUI, it crumbles to dust.
It is a scroll of identify.
b - a scroll of noise Crazy Yiuf closely misses you.
As you read the scroll labelled RADOCR GUANG, it crumbles to dust.
You feel momentarily disoriented.
It was a scroll of magic mapping.
Crazy Yiuf yells, "Shadow action arm!"
Crazy Yiuf hits you with a +2 quarterstaff of chaos.
You die...

Skill      XL: |  1  2  3  4  5 |
---------------+----------------+-----
Summonings     | 5 |  5.7
Fighting       | 1 2 |  2.4
Dodging        | 3 |  3.5
Spellcasting   | 3 |  3.0
Stealth        | |  2.0

Action                   |  1- 3 |  4- 6 || total
-------------------------+-------+-------++-------
Melee: Unarmed           |     7 |       ||     7
       Peck              |     6 |     6 ||    12
       Dagger            |    37 |    43 ||    80
       Kick              |     9 |     8 ||    17
 Cast: Summon Small Mamm |    38 |    13 ||    51
       Call Imp          |     6 |    15 ||    21
  Use: Scroll            |       |     2 ||     2
       Potion            |       |     1 ||     1
 Stab: Sleeping          |       |     2 ||     2
Armor: Robe              |    21 |     6 ||    27
Dodge: Dodged            |    58 |    39 ||    97

Levels and vault maps discovered:
D:1:      dpeg_arrival_ternary, layout_basic,
          hellmonk_ecumenical_altar_heavens_door,
          hangedman_decor_clover_reticule
D:2:      layout_basic, basic_altar, minmay_tromino_v4_a, uniq_jessica,
          uniq_crazy_yiuf_cottage, uniq_natasha

Notes
Turn   | Place    | Note
-------+----------+-------------------------------------------
     0 | D:1      | spiderkeys the Tengu Summoner began the quest for the Orb.
     0 | D:1      | Reached XP level 1. HP: 10/10 MP: 4/4
     0 | D:1      | magus.rc [v1.9.10]
   388 | D:1      | Reached skill level 5 in Summonings
   388 | D:1      | Reached XP level 2. HP: 10/16 MP: 1/6
   718 | D:1      | Reached skill level 1 in Fighting
   755 | D:1      | Found a faded altar of an unknown god.
   927 | D:1      | Learned a level 2 spell: Call Imp
  1009 | D:1      | Reached XP level 3. HP: 20/20 MP: 5/7
  1783 | D:2      | Noticed Jessica
  1789 | D:2      | Killed Jessica
  1790 | D:2      | Reached XP level 4. HP: 19/26 MP: 3/8
  1999 | D:2      | Reached skill level 3 in Dodging
  2273 | D:2      | Reached skill level 2 in Fighting
  2450 | D:2      | Found an iron altar of Okawaru.
  2486 | D:2      | Noticed Natasha
  2493 | D:2      | Killed Natasha
  2494 | D:2      | Gained mutation: Your magical nature lets you fly swiftly
                  | and evasively. [Tengu growth]
  2494 | D:2      | Reached XP level 5. HP: 25/30 MP: 8/10
  2571 | D:2      | Found a runed translucent door.
  2572 | D:2      | Noticed Crazy Yiuf
  2660 | D:2      | Noticed Natasha
  2669 | D:2      | Killed Natasha
  2721 | D:2      | Noticed Natasha
  2735 | D:2      | HP: 6/30 [white imp[Natasha] (3)]
  2735 | D:2      | Killed Natasha
  2736 | D:2      | Reached skill level 3 in Spellcasting
  3126 | D:1      | HP: 2/31 [Crazy Yiuf (11)]
  3128 | D:1      | Slain by Crazy Yiuf

Vanquished Creatures
  Jessica (D:2)
  A dart slug (D:1)
  An orc (D:2)
  2 ball pythons (D:2)
  2 bats (D:2)
  2 endoplasms
  3 goblins
  A hobgoblin (D:1)
  4 frilled lizards
  3 rats
20 creatures vanquished.

Vanquished Creatures (collateral kills)
  Natasha (thrice) (D:2)
  3 adders (D:2)
  An endoplasm (D:1)
  A giant cockroach (D:2)
  2 goblins
  A hobgoblin (D:1)
  2 quokkas
  3 ball pythons
  4 bats (D:1)
  2 frilled lizards
  3 kobolds
  4 rats
29 creatures vanquished.

Grand Total: 49 creatures vanquished

Table legend:
 A = Non-vault XP
 B = Vault XP
 C = Vault XP percentage of total XP
 D = Non-vault monster count
 E = Vault monster count
 F = Vault count percentage of total count
                 A         B        C        D         E       F
            +---------+---------+-------+---------+---------+-------
      Total |     159 |      91 |  36.4 |      43 |       6 |  12.2
            +---------+---------+-------+---------+---------+-------
        D:1 |      36 |       0 |   0.0 |      23 |       0 |   0.0
        D:2 |     123 |      91 |  42.5 |      20 |       6 |  23.1
            +---------+---------+-------+---------+---------+-------

Illustrated notes

Table legend:
 A = Kills in this place as a percentage of kills in entire the game.
 B = Kills by you in this place as a percentage of kills by you in the entire game.
 C = Kills by friends in this place as a percentage of kills by friends in the entire game.
 D = Other kills in this place as a percentage of other kills in the entire game.
 E = Experience gained in this place as a percentage of experience gained in the entire game.
 F = Experience gained in this place divided by the number of levels of this place that you have seen.
                   A       B       C       D       E      F
               +-------+-------+-------+-------+-------+----------------------
         Total | 100.0 | 100.0 | 100.0 |   N/A | 100.0 | 125.0
       Dungeon | 100.0 | 100.0 | 100.0 |   N/A | 100.0 | 125.0
               +-------+-------+-------+-------+-------+----------------------

Table legend: (Time is in decaauts)
 A = Elapsed time spent in this place.
 B = Non-inter-level travel time spent in this place.
 C = Inter-level travel time spent in this place.
 D = Time resting spent in this place.
 E = Time spent auto-exploring this place.
 F = Levels seen in this place.
 G = Mean time per level.
                   A        B        C        D        E       F      G
               +--------+--------+--------+--------+--------+-----+--------+
         Total |   3125 |   3123 |      2 |    306 |   2280 |   2 | 1562.5 |
       Dungeon |   3125 |   3123 |      2 |    306 |   2280 |   2 | 1562.5 |
               +--------+--------+--------+--------+--------+-----+--------+

Top non-repeatable levels by time:
     D:2: 1855 daAuts
     D:1: 1270 daAuts
